 Dungeon Crawl Stone Soup version 0.20.1-1-g8b1a95d (webtiles) character file.

22 KingStallion the Digger (level 2, -2/22 HPs)
             Began as a Draconian Earth Elementalist on July 16, 2017.
             Slain by a gnoll
             ... wielding a +0 whip
              (4 damage)
             ... on level 1 of the Dungeon.
             The game lasted 00:03:38 (650 turns).

KingStallion the Digger (DrEE)                       Turns: 650, Time: 00:03:39

Health: -2/22      AC:  4    Str: 10    XL:     2   Next: 68%
Magic:  3/5        EV: 12    Int: 15    God:
Gold:   48         SH:  0    Dex: 11    Spells: 4/5 levels left

rFire    . . .     SeeInvis .     - Unarmed
rCold    . . .     Gourm    .   (no shield)
rNeg     . . .     Faith    .   (armour unavailable)
rPois    .         Spirit   .   (helmet restricted)
rElec    .         Reflect  .   (no cloak)
rCorr    .         Harm     .   (no gloves)
MR       .....                  (no boots)
Stlth    ++........             (no amulet)
Regen    0.1/turn               (no ring)
MPRegen  0.1/turn               (no ring)

@: no status effects
A: unfitting armour, cold-blooded, AC +4
a: no special abilities


You were on level 1 of the Dungeon.
You were not hungry.

You visited 1 branch of the dungeon, and saw 2 of its levels.

You collected 48 gold pieces.

Inventory:

Missiles
 b - 27 stones
 f - 88 sling bullets
 k - 4 tomahawks (quivered)
Scrolls
 i - a scroll of fear {unknown}
 j - 3 scrolls of identify {unknown}
 l - 2 scrolls of teleportation {unknown}
 m - a scroll of amnesia {unknown}
Potions
 e - a potion of ambrosia {unknown}
 g - 2 potions of heal wounds {unknown}
 h - 2 potions of curing {unknown}
 n - a potion of invisibility {unknown}
Books
 d - a book of Geomancy

   Spells                             Type                      Level
   a - Sandblast                      Earth                        1
   b - Passwall                       Transmutation/Earth          2
   c - Stone Arrow                    Conjuration/Earth            3
   d - Petrify                        Transmutation/Earth          4
   e - Lee's Rapid Deconstruction     Earth                        5
Comestibles
 a - 3 chunks of flesh
 c - a bread ration


   Skills:
 * Level 0.4 Fighting
 * Level 1.8 Dodging
 * Level 2.1 Stealth
 * Level 1.0 Unarmed Combat
 * Level 2.2 Spellcasting
   Level 1.0 Transmutations
 + Level 3.2 Earth Magic


You had 4 spell levels left.
You knew the following spells:

 Your Spells              Type           Power        Failure   Level  Hunger
a - Sandblast             Erth           ##....       6%          1    #......


Dungeon Overview and Level Annotations

Branches:
Dungeon (2/15)

Altars:


Innate Abilities, Weirdness & Mutations

Your plain brown scales are hard. (AC +4)
You cannot fit into any form of body armour.
You are cold-blooded and may be slowed by cold attacks.


Message History

Aim: a gnoll The blast of sand misses the gnoll.
b - 28 stones
Casting: Sandblast
Confirm with . or Enter, or press ? or * to list all spells.
Aiming: Sandblast
Press: ? - help, Shift-Dir - straight line, f/p - gnoll
Aim: a gnoll The blast of sand misses the gnoll.
The blast of sand hits the gnoll.
The gnoll is lightly wounded.
b - 27 stones The gnoll hits you!
The gnoll hits you from afar with a spear!
* * * LOW HITPOINT WARNING * * *
The gnoll closely misses you. x2; The gnoll barely misses you.
You climb upwards.
There is a stone staircase leading down here.
Unknown command.
The gnoll hits you with a whip.
You die...

#.....#####.# #....#.....
#...........######....#.....
#......##........#....#.....
#.........)......#....#.....
#.#.#.###...................
#.........##)##.##....#...รท.
#####..#...#....##....######
#..###.#g.##############
######......@>....)..........
#......#.##.##g......########
#......+.#..............#
#......###..#...........#
#...........#.###.......#
#..........##...........#
#..........##...........#
#######.................#
#....##...........#


You could see 2 gnolls.

Vanquished Creatures
  2 giant cockroaches (D:1)
  2 goblins (D:1)
  5 hobgoblins (D:1)
  A kobold (D:1)
  5 bats (D:1)
  3 frilled lizards (D:1)
  2 rats (D:1)
20 creatures vanquished.

Notes
Turn   | Place    | Note
-------+----------+-------------------------------------------
     0 | D:1      | KingStallion the Draconian Earth Elementalist began the quest for the Orb.
     0 | D:1      | Reached XP level 1. HP: 14/14 MP: 3/3
   252 | D:1      | Reached XP level 2. HP: 20/20 MP: 0/5
   613 | D:1      | Reached skill level 1 in Unarmed Combat
   650 | D:1      | Slain by a gnoll

Skill      XL: |  1  2 |
---------------+-------+-----
Stealth        | 2 |  2.1
Unarmed Combat | 1 |  1.0
Fighting       | |  0.4
Dodging        | |  1.8
Spellcasting   | |  2.2
Transmutations | |  1.0
Earth Magic    | |  3.2

Action                   || total
-------------------------++-------
Melee: Unarmed           ||    56
       Tailslap          ||     6
Throw: Tomahawk          ||     2
 Cast: Sandblast         ||    19
 Stab: Sleeping          ||     1
Armor: Skin              ||    17
Dodge: Dodged            ||    49
